AoeStats
← CaptainBocca

Arena

508706307Analyzed
1v1 RM · 10d ago on Sep 23, 2026· 64m 10s· 2 players
Game mode
Random Map
Map size
Tiny (2 player)
Population
200
Speed
Normal
Resources
Standard
Victory
Conquest
Starting age
Dark Age
Ending age
Imperial Age
RankedLock teamsTeams togetherTeam positionsShared explorationLock speedFull tech treeHidden civsTurbo modeCheats
Victory
Defeat
🇮🇹 Byzantines · Italy
477
+19
🇺🇸 Franks · United States
533
-35
ELITOVIO
10:34 Feudal Age
11:53 Wheelbarrow
11:04 Loom
11:12 Gold Mining
11:17 Horse Collar
11:33 Double-Bit Axe
15:01 Man-at-Arms
17:22 Stone Mining
17:35 Scale Mail Armor
18:01 Forging
26:12 Castle Age
25:49 Scale Barding Armor
28:14 Hand Cart
28:27 Bow Saw
27:52 Light Cavalry
28:35 Husbandry
28:54 Fletching
29:06 Padded Archer Armor
29:03 Elite Skirmisher
36:43 Gold Shaft Mining
36:49 Stone Shaft Mining
36:16 Bodkin Arrow
40:37 Imperial Age
38:40 Treadmill Crane
39:21 Ballistics
39:27 Guard Tower
39:49 Fortified Wall
39:35 Murder Holes
40:10 Crossbowman
40:56 Thumb Ring
41:35 Logistica
40:53 Pikeman
42:53 Two-Man Saw
41:55 Heavy Plow
43:46 Leather Archer Armor
44:43 Chemistry
44:43 Greek Fire
45:15 Halberdier
45:56 Squires
45:42 Arson
51:35 Iron Casting
51:16 Chain Mail Armor
51:35 Chain Barding Armor
51:46 Ring Archer Armor
59:20 Hoardings
60:55 Long Swordsman
61:20 Gambesons
62:04 Elite Cataphract
64:09 Two-Handed Swordsman
CaptainBocca
11:22 Feudal Age
11:55 Double-Bit Axe
12:54 Wheelbarrow
17:29 Gold Mining
18:48 Padded Archer Armor
18:51 Fletching
22:21 Castle Age
22:30 Padded Archer Armor
23:41 Hand Cart
23:03 Crossbowman
27:17 Pikeman
27:59 Squires
29:34 Ballistics
31:12 Bow Saw
30:55 Stone Mining
30:54 Town Watch
35:16 Light Cavalry
35:57 Husbandry
36:16 Leather Archer Armor
36:06 Scale Barding Armor
36:15 Forging
38:06 Gold Shaft Mining
37:18 Loom
39:22 Chain Barding Armor
43:50 Imperial Age
41:41 Scale Mail Armor
43:16 Iron Casting
42:37 Bodkin Arrow
44:41 Chivalry
47:27 Cavalier
47:35 Cavalier
50:21 Blast Furnace
51:36 Elite Skirmisher
51:46 Paladin
57:25 Man-at-Arms
57:51 Gambesons
59:07 Plate Barding Armor
58:48 Chain Mail Armor
58:02 Heavy Mounted Crossbowman
58:39 Long Swordsman
59:26 Two-Handed Swordsman
60:23 Champion
Connection lost

Rejoining the realm…

Still unreachable

The connection could not be restored.

Session expired

The server has moved on; the page needs a fresh start.